 Dungeon Crawl Stone Soup version 0.21.1-1-g345015f (webtiles) character file.

17 empire the Magician (level 2, 0/20 HPs)
             Began as a Draconian Wizard on June 13, 2018.
             Succumbed to an adder's poison
             ... on level 2 of the Dungeon.
             The game lasted 00:01:37 (1109 turns).

empire the Magician (Draconian Wizard)              Turns: 1109, Time: 00:01:38

Health: 0/20       AC:  4    Str: 14    XL:     2   Next: 44%
Magic:  0/6        EV: 12    Int: 16    God:
Gold:   64         SH:  0    Dex:  9    Spells: 6/7 levels left

rFire    . . .     SeeInvis .   a - +0 dagger
rCold    + . .     Gourm    .   (no shield)
rNeg     . . .     Faith    .   (armour unavailable)
rPois    .         Spirit   .   f - +0 hat
rElec    .         Reflect  .   (no cloak)
rCorr    .         Harm     .   (no gloves)
MR       .....     Clarity  +   (no boots)
Stlth    ++........             (no amulet)
HPRegen  0.06/turn              (no ring)
MPRegen  0.10/turn              (no ring)

@: mighty, lethally poisoned (0 -> -12), very slightly contaminated
A: unfitting armour, talons 1, clarity, cold resistance 1, dopey 1,
cold-blooded, AC +4
a: no special abilities


You were on level 2 of the Dungeon.
You were not hungry.

You visited 1 branch of the dungeon, and saw 2 of its levels.

You collected 64 gold pieces.

Inventory:

Hand Weapons
 a - a +0 dagger (weapon)
Armour
 f - a +0 hat (worn)
Scrolls
 g - 2 scrolls of remove curse {unknown}
 h - 2 scrolls of amnesia {unknown}
 m - a scroll of enchant armour {unknown}
Potions
 d - a potion of mutation
 e - a potion of might
 j - 2 potions of curing {unknown}
 k - a potion of flight {unknown}
 l - a potion of cancellation {unknown}
 n - a potion of lignification {unknown}
Books
 b - a book of Minor Magic

   Spells                             Type                      Level
   a - Magic Dart                     Conjuration                  1
   b - Blink                          Translocation                2
   c - Call Imp                       Summoning                    2
   d - Slow                           Hexes                        2
   e - Conjure Flame                  Conjuration/Fire             3
   f - Mephitic Cloud                 Conjuration/Poison/Air       3
Comestibles
 c - 2 rations


   Skills:
 - Level 1.7 Dodging
 - Level 1.7 Stealth
 + Level 3.3 Spellcasting
 + Level 1.9 Conjurations
   Level 1.0 Summonings
   Level 1.0 Translocations


You had 6 spell levels left.
You knew the following spells:

 Your Spells              Type           Power        Failure   Level  Hunger
a - Magic Dart            Conj           #...         9%          1    None


Dungeon Overview and Level Annotations

Branches:
Dungeon (2/15)

Altars:


Innate Abilities, Weirdness & Mutations

Your plain brown scales are hard. (AC +4)
You cannot fit into any form of body armour.
You are cold-blooded and may be slowed by cold attacks.
You have sharp toenails.
You possess an exceptional clarity of mind.
Your flesh is cold resistant. (rC+)
You are dopey. (Int -2)


Message History

* * * LOW HITPOINT WARNING * * *
You are more poisoned.
The adder poisons you!
Casting: Magic Dart
Confirm with . or Enter, or press ? or * to list all spells.
Aiming: Magic Dart
Press: ? - help, Shift-Dir - straight line, f/p - adder
Aim: an adder (severely wounded)
The magic dart hits the adder.
The adder is almost dead.
* * * LOW HITPOINT WARNING * * *
You feel sick. The adder barely misses you.
It was a potion of mutation.
You feel extremely strange.
You feel stupid.
Your toenails lengthen and sharpen.
You feel resistant to cold.
Your thoughts seem clearer.
* * * LOW HITPOINT WARNING * * *
You feel sick. The adder bites you but does no damage.
It was a potion of might.
You feel very mighty all of a sudden.
You die...

#.##########.#
#...S@.....#.#
##########.#.#
#.#.# #.#.#
#.#.# #...#
##..#
#..####.##
#.........


You could see an adder.

Vanquished Creatures
  A dart slug (D:1)
  A leopard gecko (D:1)
  2 giant cockroaches
  2 goblins (D:2)
  A hobgoblin (D:1)
  2 kobolds (D:1)
  A frilled lizard (D:1)
  4 rats (D:1)
14 creatures vanquished.

Notes
Turn   | Place    | Note
-------+----------+-------------------------------------------
     0 | D:1      | empire the Draconian Wizard began the quest for the Orb.
     0 | D:1      | Reached XP level 1. HP: 14/14 MP: 4/4
   601 | D:1      | Reached XP level 2. HP: 20/20 MP: 6/6
  1108 | D:2      | Gained mutation: You are dopey. (Int -2) [potion of mutation]
  1108 | D:2      | Gained mutation: You have sharp toenails. [potion of mutation]
  1108 | D:2      | Gained mutation: Your flesh is cold resistant. (rC+) [potion of mutation]
  1108 | D:2      | Gained mutation: You possess an exceptional clarity of mind. [potion of mutation]
  1108 | D:2      | HP: 1/20 [poisoned by an adder]
  1109 | D:2      | Succumbed to an adder's poison

Action                   || total
-------------------------++-------
Melee: Dagger            ||    70
       Tailslap          ||     8
 Cast: Magic Dart        ||     7
  Use: Potion            ||     2
  Eat: Chunk             ||     1
Armor: Skin              ||    22
Dodge: Dodged            ||    49
